 Dungeon Crawl Stone Soup version 0.17-a0-112-ge7edae9 (console) character file.

443 MrRokkomies the Jinx (level 6, 0/24 HPs)
             Began as a Felid Enchanter on Mar 19, 2015.
             Slain by a scorpion (9 damage)
             ... on level 4 of the Dungeon.
             The game lasted 00:15:59 (4298 turns).

MrRokkomies the Jinx (Felid Enchanter)              Turns: 4298, Time: 00:16:00

Health: 0/24       AC:  2    Str:  4    XL:     6   Next: 71%
Magic:  12/12      EV: 18    Int: 18    God:
Gold:   185        SH:  0    Dex: 17    Spells: 3 memorised, 1 level left
                                        Lives:  0   Deaths: 1

rFire  . . .     SeeInvis +       - Unarmed
rCold  . . .     Clarity  .     (armour unavailable)
rNeg   . . .     SustAb   .     (shield unavailable)
rPois  .         Gourm    .     (helmet unavailable)
rElec  .         Spirit   .     (cloak unavailable)
rCorr  .         Warding  .     (gloves unavailable)
rMut   .         Stasis   .     (boots unavailable)
MR     .....                    (no amulet)
Stlth  ++........               (no ring)
                                (no ring)

@: lethally poisoned (0 -> -25), very slightly contaminated, hasted, glowing,
very quick, not resistant to hostile enchantments, unstealthy
A: paw claws, no armour, no weapons or thrown items, antennae 1, fangs 3, see
invisible, carnivore 3, speed 1, low mp 1, shaggy fur 2, slow metabolism 1,
sharp paws
a: no special abilities


You were on level 4 of the Dungeon.
You were full.

You visited 1 branch of the dungeon, and saw 4 of its levels.
You also visited: Ossuary.

You collected 185 gold pieces.

Inventory:

Magical devices
 l - a wand of lightning (12)
Scrolls
 g - 5 scrolls of remove curse
Potions
 a - a potion of haste
 b - a potion of mutation
 e - 2 potions of curing {unknown}
 h - a potion of might {unknown}
 i - a potion of lignification {unknown}
 j - 2 potions of heal wounds
 k - a potion of poison
Books
 c - a book of Maledictions

   Spells                             Type                      Level
   a - Corona                         Hexes                        1
   b - Sure Blade                     Hexes/Charms                 2
   c - Ensorcelled Hibernation        Hexes/Ice                    2
   d - Confuse                        Hexes                        3
   e - Dazzling Spray                 Conjuration/Hexes            3
   f - Enslavement                    Hexes                        4
Comestibles
 d - 3 meat rations
 f - 2 beef jerkies


   Skills:
 - Level 2.6 Dodging
 - Level 4.0 Stealth
 * Level 5.2 Unarmed Combat
 - Level 2.0 Spellcasting
 * Level 8.5 Hexes


You had one spell level left.
You knew the following spells:

 Your Spells              Type           Power        Failure   Level  Hunger
a - Dazzling Spray        Conj/Hex       ###.....     12%         3    ###....
b - Ensorcelled Hibernat  Hex/Ice        ###...       6%          2    ###....
c - Confuse               Hex            ####....     1%          3    ###....


Dungeon Overview and Level Annotations

Branches:
Dungeon (4/15)
 Temple: D:4-7

Altars:
Elyvilon
Gozag
Nemelex Xobeh
Qazlal
Xom
Zin
The Shining One

Shops:
D:4 [%**[


Innate Abilities, Weirdness & Mutations

You cannot wear armour.
You are incapable of wielding weapons or throwing items.
You have razor-sharp teeth.
You have supernaturally acute eyesight.
You are carnivorous and can eat meat at any time.
You cover ground quickly.
You are covered in thick fur (AC +2).
You have a slow metabolism.
Your paws have sharp claws that are effective at stabbing.
You have a pair of small antennae on your head.
Your magical capacity is low (-10% MP).


Message History

* * * LOW HITPOINT WARNING * * *
Drink which item? (? for menu, Esc to quit)
It was a potion of heal wounds.
You feel much better.
You feel sick. The worker ant bites you.
You are lethally poisoned!
The worker ant poisons you! The scorpion misses you.
Drink which item? (? for menu, Esc to quit)
It was a potion of poison.
That liquid tasted very nasty...
You are more poisoned.
You feel sick. The worker ant closely misses you. The scorpion misses you.
The worker ant completely misses you.
Drink which item? (? for menu, Esc to quit)
It was a potion of haste.
You feel yourself speed up.
You feel sick. The scorpion closely misses you. The worker ant misses you.
You are very lightly contaminated with residual magic.
Drink which item? (? for menu, Esc to quit)
It was a potion of mutation.
You feel extremely strange. A pair of antennae grows on your head!
You feel less energetic.
You feel sick. The worker ant misses you. The scorpion stings you!
You die...

### ## ....$.# .#
#.........# ...#
#..#####?.# ####
#..#...#..## #._#...#_..#
..#.#..#..A#...###
.....#..#####.....###
......#.......a.#......
...)...##.....h@s.......
....................(....
.# ...#......##./.#....#.
##...####.### ..<#
#######...(####.### ..#
.....P............h .
####≈≈≈≈≈≈≈≈≈≈≈≈≈≈≈ #
#≈≈≈≈≈≈≈≈≈≈≈≈≈≈
#≈≈#####≈≈≈≈≈≈≈


You could see an angel, a scorpion, a worker ant and a jackal.

Vanquished Creatures
  The ghost of Ngotmuk the Covered, an average HuFi (D:3)
  Sigmund (D:2)
  A centaur zombie (Ossuary)
  A human zombie (Ossuary)
  2 orc priests (D:3)
  An orc wizard (D:3)
  A big kobold zombie (Ossuary)
  2 mummies (Ossuary)
  A hound skeleton (D:4)
  An adder (D:2)
  A gnoll (D:1)
  A giant mite (D:3)
  3 adder zombies (Ossuary)
  4 giant geckos
  An ooze (D:2)
  13 orcs
  3 giant cockroaches
  7 goblins
  6 hobgoblins (D:2)
  4 jackals
  A quokka (D:2)
  2 ball pythons
  11 bats
  3 giant newts
  7 hobgoblin zombies (Ossuary)
  8 kobolds
  9 kobold zombies (Ossuary)
  9 orc zombies (Ossuary)
  8 rats
113 creatures vanquished.

Vanquished Creatures (others)
  A bat (D:2)
  A giant newt (D:2)
2 creatures vanquished.

Grand Total: 115 creatures vanquished

Notes
Turn   | Place    | Note
--------------------------------------------------------------
     0 | D:1      | MrRokkomies, the Felid Enchanter, began the quest for the Orb.
     0 | D:1      | Reached XP level 1. HP: 7/7 MP: 4/4
    15 | D:1      | Reached XP level 2. HP: 11/11 MP: 3/5
    21 | D:1      | Learned a level 2 spell: Ensorcelled Hibernation
    61 | D:1      | Reached skill level 5 in Hexes
   997 | D:2      | Reached XP level 3. HP: 10/14 MP: 8/8
  1001 | D:2      | Found a sparkling altar of Nemelex Xobeh.
  1001 | D:2      | Noticed Sigmund
  1008 | D:2      | Killed Sigmund
  1008 | D:2      | Reached skill level 6 in Hexes
  1008 | D:2      | Reached XP level 4. HP: 12/18 MP: 10/10
  1044 | D:2      | Found a white marble altar of Elyvilon.
  1275 | D:2      | You fall through a shaft!
  1297 | D:3      | Slain by an orc wizard
  1298 | D:3      | Reached XP level 3. HP: -1/14 MP: 1/8
  1309 | D:3      | Noticed Ngotmuk's ghost (average HuFi)
  1564 | D:2      | Reached XP level 4. HP: 16/18 MP: 10/10
  1863 | D:2      | Found an opulent altar of Gozag.
  2138 | D:2      | Learned a level 3 spell: Confuse
  2162 | D:3      | Killed Ngotmuk's ghost
  2162 | D:3      | Reached skill level 7 in Hexes
  2162 | D:3      | Reached XP level 5. HP: 7/21 MP: 9/12
  2506 | D:3      | Found a glowing golden altar of the Shining One.
  2890 | D:3      | Learned a level 3 spell: Dazzling Spray
  2979 | D:3      | Gained mutation: You are covered in thick fur (AC +2). [growing up]
  2979 | D:3      | Reached XP level 6. HP: 18/24 MP: 9/14
  3220 | D:4      | Found Wief's Food Shop.
  3227 | D:4      | Found Tenevefe's Antique Armour Emporium.
  3231 | D:4      | Found a sand-covered staircase.
  3236 | Ossuary  | Entered an ossuary
  3542 | Ossuary  | Reached skill level 8 in Hexes
  3668 | Ossuary  | Reached skill level 5 in Unarmed Combat
  4143 | D:4      | Found Suicsuni's Armour Emporium.
  4157 | D:4      | Found a stormy altar of Qazlal.
  4236 | D:4      | Found Phewnocs' General Store.
  4243 | D:4      | Found Xualotas' General Store.
  4271 | D:4      | Found a shimmering altar of Xom.
  4273 | D:4      | Noticed an angel
  4274 | D:4      | Found a glowing silver altar of Zin.
  4298 | D:4      | Gained mutation: You have a pair of small antennae on your head. [potion of mutation]
  4298 | D:4      | Gained mutation: Your magical capacity is low (-10% MP). [potion of mutation]
  4298 | D:4      | Slain by a scorpion

Action                   |  1- 3 |  4- 6 || total
-------------------------+-------+-------++-------
Melee: Unarmed           |    77 |   216 ||   293
 Cast: Corona            |     1 |       ||     1
       Ensorcelled Hiber |     2 |    21 ||    23
       Confuse           |       |    11 ||    11
  Use: Scroll            |     3 |     4 ||     7
       Potion            |       |     7 ||     7
 Stab: Sleeping          |    11 |    23 ||    34
       Confused          |       |     2 ||     2
  Eat: Chunk             |       |    11 ||    11
